 Dungeon Crawl Stone Soup version 0.29.0-4-gdea44cf6ec (webtiles) character file.

Game seed: 2551740184755091975

59 qw the Chopper (level 4, -4/26 HPs)
             Began as a Tengu Warper on Aug 28, 2022.
             Killed from afar by an orc wizard (5 damage)
             ... with a magic dart
             ... on level 3 of the Dungeon.
             The game lasted 00:00:12 (1421 turns).

qw the Chopper (Tengu Warper)                       Turns: 1421, Time: 00:00:12

Health: -4/26      AC: 10    Str: 13    XL:     4   Next: 3%
Magic:  8/8        EV:  3    Int: 13    God:
Gold:   30         SH:  0    Dex: 14    Spells: 7/7 levels left

rFire   . . .      SeeInvis .   Y - +1 war axe
rCold   . . .      Faith    .   (no shield)
rNeg    . . .      Spirit   .   k - +0 plate armour
rPois   .          Reflect  .   (helmet restricted)
rElec   .          Harm     .   (no cloak)
rCorr   .          Rampage  .   (no gloves)
Will    .....                   (boots unavailable)
Stlth   ..........              (no amulet)
HPRegen 0.08/turn               (no ring)
MPRegen 0.11/turn               (no ring)

@: no status effects
A: beak, talons 3
a: no special abilities


You were on level 3 of the Dungeon.
You visited 1 branch of the dungeon, and saw 3 of its levels.

You collected 134 gold pieces.
You spent 104 gold pieces at shops.


Innate Abilities, Weirdness & Mutations

You have a beak for a mouth.
You have claws for feet.


   Skills:
 - Level 2.0 Fighting
 + Level 4.2 Axes
 - Level 1.0 Throwing
 - Level 2.0 Armour
 - Level 2.1 Dodging
 - Level 2.0 Spellcasting
 - Level 2.4 Translocations


You had 7 spell levels left.
You didn't know any spells.
Your spell library contained the following spells:

 Spells                   Type           Power      Damage    Failure   Level
 Blink                    Tloc           14%        N/A       100%        2
 Gell's Gravitas          Tloc           7%         N/A       100%        3
 Lesser Beckoning         Tloc           7%         N/A       100%        3
 Teleport Other           Tloc           7%         N/A       100%        3
 Manifold Assault         Tloc           7%         N/A       100%        5

Inventory:

Hand Weapons
 e - a +0 flail
 Y - a +1 war axe (weapon)
Armour
 k - a +0 plate armour (worn)
Jewellery
 o - a ring of ice
Scrolls
 b - a scroll of identify
 c - 2 scrolls of teleportation
Potions
 d - a potion of curing
 i - a potion of haste
 n - 2 potions of cancellation

Dungeon Overview and Level Annotations

Branches:
Dungeon (3/15)

Altars:

Shops:
D:1 (   D:2 !


Message History

You have reached level 4!
You feel agile.
You closely miss the orc. Your kick misses the orc.
The orc hits you but does no damage.
You hit the orc but do no damage. You closely miss the orc.
The orc hits you with a +0 falchion.
You slash the orc!
You kill the orc!
You hear some strange, mumbled words.
Something tries to affect you, but you resist.
You swing at nothing.
You closely miss something. Something hits you but does no damage.
You hit something but do no damage. Something hits you but does no damage.
You miss something.
You hear some strange, mumbled words.
A puff of flame appears from out of thin air!
The puff of flame hits you!
You miss something. You claw something. Your peck misses something.
You hit something but do no damage. Your kick misses something.
Your peck misses something.
Your extra speed is starting to run out.
Something hits you but does no damage.
You miss something. You claw something. Something hits you but does no damage.
You barely miss something. Your kick misses something.
Something hits you but does no damage.
You hit something. You claw something. Something hits you.
You hit something. Something hits you.
You miss something. Your kick misses something.
You feel yourself slow down. Something hits you but does no damage.
You closely miss something. Your kick misses something.
You hear some strange, mumbled words.
A magic dart appears from out of thin air!
The magic dart hits you.
You die...

# ..# ...
.. ###
#.#<#
#.{@#
##).....#
##.##...#
#.# ..#
#.. ...
#.# ##
#.# #.#


There were no monsters in sight!

Vanquished Creatures
  3 dart slugs
  4 orcs (D:3)
  5 bats
  An endoplasm (D:1)
  2 giant cockroaches
  5 goblins
  A hobgoblin (D:1)
  4 quokkas
  6 ball pythons
  2 frilled lizards
  4 kobolds
  11 rats
48 creatures vanquished.

Notes
Turn   | Place    | Note
-------+----------+-------------------------------------------
     0 | D:1      | qw the Tengu Warper began the quest for the Orb.
     0 | D:1      | Reached XP level 1. HP: 12/12 MP: 4/4
     0 | D:1      | 0 ||| qw: Version: 0.1-a-89-g26bdef1
     0 | D:1      | 0 ||| qw: Game counter: 51
     0 | D:1      | 0 ||| qw: Always use a shield: true
     0 | D:1      | 0 ||| qw: God list: Okawaru
     0 | D:1      | 0 ||| qw: Allow faded altars: false
     0 | D:1      | 0 ||| qw: Do Orc after D:15 true
     0 | D:1      | 0 ||| qw: Do second Lair branch before Depths: true
     0 | D:1      | 0 ||| qw: Lair rune preference: random
     0 | D:1      | 0 ||| qw: Plans: Normal
     0 | D:1      | 0 ||| PLANNING D:1-11
    82 | D:1      | Found Getabim's Antique Weapon Shoppe.
    88 | D:1      | 88 ||| SHOPLISTING club (30 gold, have 23).
    88 | D:1      | 88 ||| SHOPLISTING glowing hand axe (180 gold, have 23).
    88 | D:1      | 88 ||| SHOPLISTING mace (90 gold, have 23).
   114 | D:1      | Found a faded altar of an unknown god.
   116 | D:1      | 116 ||| Stepping ~*~*~tactically~*~*~ (hiding).
   234 | D:1      | 234 ||| DROPPING +0 club.
   241 | D:1      | Reached skill level 3 in Axes
   241 | D:1      | Reached XP level 2. HP: 16/17 MP: 6/6
   386 | D:1      | 386 ||| Stepping ~*~*~tactically~*~*~ (stealth).
   403 | D:1      | 403 ||| Stepping ~*~*~tactically~*~*~ (stealth).
   404 | D:1      | 404 ||| Stepping ~*~*~tactically~*~*~ (stealth).
   405 | D:1      | 405 ||| Stepping ~*~*~tactically~*~*~ (stealth).
   406 | D:1      | 406 ||| Stepping ~*~*~tactically~*~*~ (stealth).
   446 | D:1      | Reached XP level 3. HP: 18/21 MP: 7/7
   587 | D:1      | Reached skill level 4 in Axes
   670 | D:1      | 670 ||| UPGRADING to +0 ring mail.
   680 | D:1      | 680 ||| DROPPING +0 leather armour.
   681 | D:1      | 681 ||| UPGRADING to +0 plate armour.
   691 | D:1      | 691 ||| DROPPING +0 ring mail.
   692 | D:1      | 692 ||| DROPPING +6 ring of intelligence.
   693 | D:1      | 693 ||| READING scroll labelled FYSOSS HEUNO.
   694 | D:1      | 694 ||| READING scroll labelled NOIQAS ZOCKU.
   695 | D:1      | 695 ||| DRINKING 2 emerald potions.
   696 | D:1      | 696 ||| DRINKING 2 dark potions.
   801 | D:1      | 801 ||| DROPPING scroll of blinking.
   802 | D:1      | 802 ||| DROPPING potion of berserk rage.
   946 | D:2      | 946 ||| Stepping ~*~*~tactically~*~*~ (hiding).
  1037 | D:2      | Found Fohyoxou's Distillery.
  1045 | D:2      | 1045 ||| SHOPLISTING 2 potions of heal wounds (130 gold,
                  | have 110).
  1045 | D:2      | 1045 ||| BUYING potion of cancellation (104 gold).
  1045 | D:2      | Bought a potion of cancellation for 104 gold pieces
  1045 | D:2      | 1045 ||| SHOPLISTING potion of curing (39 gold, have 6).
  1045 | D:2      | 1045 ||| SHOPLISTING potion of heal wounds (65 gold, have
                  | 6).
  1045 | D:2      | 1045 ||| SHOPLISTING potion of might (52 gold, have 6).
  1045 | D:2      | 1045 ||| DROPPING +0 mace.
  1130 | D:2      | 1130 ||| SWAPPING to +0 war axe.
  1131 | D:2      | 1131 ||| DROPPING +0 hand axe.
  1361 | D:2      | 1361 ||| READING scroll labelled QEEPEM PAONNE.
  1362 | D:2      | 1362 ||| READING 4 scrolls labelled UFIOTW YHESIFF.
  1363 | D:2      | 1363 ||| READING 3 scrolls labelled KUUQUL IX BICS.
  1368 | D:2      | 1368 ||| READING scroll labelled ITAOGA POS JOC.
  1369 | D:2      | 1369 ||| READING scroll labelled BED GU QAIFOY.
  1370 | D:2      | 1370 ||| DRINKING 2 fuming orange potions.
  1371 | D:2      | 1371 ||| READING 3 scrolls of identify.
  1371 | D:2      | 1371 ||| IDENTIFYING amethyst potion
  1372 | D:2      | 1372 ||| READING 2 scrolls of identify.
  1372 | D:2      | 1372 ||| IDENTIFYING fizzy sapphire potion
  1373 | D:2      | 1373 ||| DROPPING potion of brilliance.
  1374 | D:2      | 1374 ||| DROPPING potion of invisibility.
  1406 | D:3      | Reached XP level 4. HP: 20/26 MP: 8/8
  1413 | D:3      | HP: 6/26 [something/puff of flame (9)]
  1418 | D:3      | HP: 3/26 [something (3)]
  1419 | D:3      | HP: 1/26 [something (3)]
  1421 | D:3      | Killed from afar by an orc wizard

Levels and vault maps discovered:
D:1:      heliophobic_arrival_ceremonial_halls, layout_rooms, serial_shops,
          shop, chequers_ecumenical_altar_simple
D:2:      layout_basic, serial_shops, nicolae_shop_crystal,
          guppyfry_early_lair_pool
D:3:      layout_basic, mainiacjoe_overflow_24_doors, amethyst_killhole,
          uniq_crazy_yiuf_cottage

Skill      XL: |  1  2  3 |
---------------+----------+-----
Axes           | 3 4 |  4.2
Armour         | 2 |  2.0
Fighting       | |  2.0
Throwing       | |  1.0
Dodging        | |  2.1
Spellcasting   | |  2.0
Translocations | |  2.4

Action                   |  1- 3 |  4- 6 || total
-------------------------+-------+-------++-------
Melee: Hand axe          |    65 |       ||    65
       Kick              |    25 |     3 ||    28
       Peck              |    10 |       ||    10
       Punch             |     1 |       ||     1
       War axe           |    18 |    13 ||    31
Throw: Boomerang         |     7 |       ||     7
  Use: Scroll            |     9 |       ||     9
       Potion            |     3 |       ||     3
Armor: Leather armour    |     6 |       ||     6
       Plate armour      |    21 |     7 ||    28
Dodge: Dodged            |    17 |       ||    17

Table legend:
 A = Non-vault XP
 B = Vault XP
 C = Vault XP percentage of total XP
 D = Non-vault monster count
 E = Vault monster count
 F = Vault count percentage of total count
                 A         B        C        D         E       F
            +---------+---------+-------+---------+---------+-------
      Total |      85 |       0 |   0.0 |      48 |       0 |   0.0
            +---------+---------+-------+---------+---------+-------
        D:1 |      48 |       0 |   0.0 |      27 |       0 |   0.0
        D:2 |      25 |       0 |   0.0 |      17 |       0 |   0.0
        D:3 |      12 |       0 |   0.0 |       4 |       0 |   0.0
            +---------+---------+-------+---------+---------+-------
